Senators vs Sewer Rats
Created - March 8, 2020 at 21:16
Goals
|
| Senators |
1 |
5 |
2 |
8 |
| Sewer Rats |
2 |
2 |
1 |
5 |
|
Shots
|
| Senators |
15 |
13 |
6 |
34 |
| Sewer Rats |
6 |
19 |
8 |
33 |
|
1st period
1. Senators , Nick Foligno 44 (Matt Frattin 52, Zemgus Girgensons 47) at 11:01 (PP)
2. Sewer Rats , Stefan Elliott 2 (Tomas Tatar 29, Vincent Trocheck 54) at 11:11
3. Sewer Rats , Vincent Trocheck 25 (Tomas Tatar 30) at 11:17
Penalties :
Jake Evans (BIN) for Interference (Minor) at 4:37, Marek Mazanek (Tol) for Delaying the game (Minor) at 10:43 - Nick Cousins served the penalty, Luke Witkowski (Tol) for Hooking (Minor) at 16:48
2nd period
4. Senators , Patrick Maroon 13 (Brett Bulmer 1, Blake Coleman 4) at 5:30
5. Senators , Nick Foligno 45 (Matt Frattin 53, Zemgus Girgensons 48) at 9:01 (PP)
6. Sewer Rats , Anthony Duclair 9 (Steven Kampfer 36, Tyler Motte 3) at 10:18
7. Sewer Rats , Jarred Tinordi 4 (Tomas Tatar 31, Vincent Trocheck 55) at 10:56 (PP)
8. Senators , Jack Dougherty 3 (Nick Foligno 37, Zemgus Girgensons 49) at 13:23
9. Senators , Grant Besse 14 (Dylan Blujus 19, Andy Andreoff 8) at 17:22
10. Senators , Jan Mursak 28 (Chandler Stephenson 29, Tomas Jurco 25) at 18:29
Penalties :
Jack Dougherty (BIN) for Interference (Minor) at 1:10, Tomas Tatar (Tol) for Tripping (Minor) at 8:23, Keegan Lowe (BIN) for Hooking (Minor) at 10:21, Keegan Lowe (BIN) for Hooking (Minor) at 11:05
3rd period
11. Senators , Tomas Jurco 24 (Jan Mursak 28) at 0:38
12. Sewer Rats , Anthony Duclair 10 (Steven Kampfer 37) at 2:59
13. Senators , Patrick Maroon 14 (Keegan Lowe 26, Dylan Blujus 20) at 4:02
Penalties :
Stefan Elliott (Tol) for High sticking (Minor) at 0:45, Dylan Blujus (BIN) for Hooking (Minor) at 9:48, Tomas Tatar (Tol) for Hooking (Minor) at 13:12, Erik Condra (Tol) for Holding (Minor) at 17:41
Goalie Stats
Justin Peters (BIN), 28 saves from 33 shots - (0.848), W, 22-18-2, 60:00 minutes
Darcy Kuemper (Tol), 4 saves from 6 shots - (0.667), 21:31 minutes
Marek Mazanek (Tol), 22 saves from 28 shots - (0.786), L, 26-11-4, 38:29 minutes
Players Stats for Senators
Player Name G A P +/- PIM S H SB GA TA FO MP PP MP PK MP
------------------------------------------------------------------------------------
Adam Ollas-Mattsson 0 0 0 -2 0 0 1 0 0 0 0/0 13:35 0:00 3:13
Andy Andreoff 0 1 1 0 0 1 1 0 1 1 0/0 13:09 0:00 3:06
Blake Coleman 0 1 1 2 0 0 1 0 0 0 0/0 6:15 0:00 0:00
Brett Bulmer 0 1 1 2 0 1 1 0 0 0 0/0 6:15 0:00 0:00
Chandler Stephenson 0 1 1 2 0 0 1 2 0 0 4/10 14:11 3:40 0:00
Dylan Blujus 0 2 2 2 2 3 0 3 1 1 0/0 28:51 6:02 3:54
Grant Besse 1 0 1 0 0 2 0 0 1 1 0/0 9:26 0:07 0:00
Jack Dougherty 1 0 1 2 2 2 1 0 1 0 0/0 18:40 2:50 2:14
Jake Evans 0 0 0 0 2 0 1 0 0 0 1/6 9:55 0:00 0:00
Jan Mursak 1 1 2 2 0 6 3 0 1 0 1/1 18:52 3:40 4:41
Keegan Lowe 0 1 1 2 4 2 2 3 0 0 0/0 28:16 6:02 3:27
Mason Geertsen 0 0 0 -2 0 1 0 1 0 1 0/0 11:54 0:00 0:32
Matt Frattin 0 2 2 -2 0 3 2 0 0 0 1/3 23:27 5:05 2:25
Maxim Letunov 0 0 0 0 0 0 0 0 0 0 0/0 0:21 0:07 0:00
Nick Foligno 2 1 3 -2 0 8 0 0 1 2 6/8 25:04 4:58 4:48
Patrick Maroon 2 0 2 2 0 3 1 0 0 0 0/0 8:05 0:00 1:34
Scott Harrington 0 0 0 2 0 0 0 0 1 1 0/0 19:03 2:50 3:42
Tomas Jurco 1 1 2 2 0 2 3 2 0 0 0/0 14:11 3:40 0:00
Warren Foegele 0 0 0 0 0 0 0 0 0 0 0/0 1:22 0:14 0:24
Zemgus Girgensons 0 3 3 -2 0 0 3 1 0 0 19/42 20:32 5:05 0:04
Players Stats for Sewer Rats
Player Name G A P +/- PIM S H SB GA TA FO MP PP MP PK MP
------------------------------------------------------------------------------------
Anthony Duclair 2 0 2 1 0 2 0 0 0 0 0/1 7:14 0:00 0:25
Connor Carrick 0 0 0 0 0 0 0 0 0 0 0/0 2:32 0:00 0:00
Daniel Carr 0 0 0 -1 0 4 1 0 1 0 1/1 16:44 3:36 2:20
Dmitrij Jaskin 0 0 0 -3 0 1 1 0 0 0 0/0 9:00 0:07 0:00
Erik Condra 0 0 0 -1 2 1 0 1 1 0 0/0 15:38 3:36 0:38
Jarred Tinordi 1 0 1 -1 0 3 3 1 1 0 0/0 28:32 5:25 5:19
Joel Edmundson 0 0 0 1 0 2 0 2 1 1 0/0 20:26 3:06 3:33
John Ramage 0 0 0 -2 0 0 0 1 0 0 0/0 8:38 0:00 0:08
Jonathan Marchessault 0 0 0 -1 0 3 1 1 0 0 7/14 14:42 3:36 0:00
Jonathan Racine 0 0 0 0 0 0 0 0 0 0 0/0 0:00 0:00 0:00
Joseph Blandisi 0 0 0 -3 0 1 0 1 0 0 0/1 11:54 0:00 3:24
Josh Archibald 0 0 0 1 0 0 0 1 1 0 0/0 6:49 0:00 0:00
Luke Witkowski 0 0 0 1 2 6 3 0 1 0 4/8 24:59 4:51 4:02
Nick Cousins 0 0 0 -3 0 0 1 0 1 0 3/5 9:08 0:04 0:30
Ryan Murphy 0 0 0 -2 0 0 0 1 0 0 0/0 9:30 0:00 1:00
Stefan Elliott 1 0 1 -1 2 3 1 0 0 4 0/0 27:24 5:25 4:11
Steven Kampfer 0 2 2 1 0 1 0 2 0 0 0/0 20:26 3:06 3:33
Tomas Tatar 0 3 3 1 4 3 0 0 0 1 3/5 24:19 4:51 3:22
Tyler Motte 0 1 1 1 0 0 2 0 0 0 1/2 6:49 0:00 0:00
Vincent Trocheck 1 2 3 1 0 3 1 0 0 1 19/33 23:47 4:52 3:03
Xavier Ouellet 0 0 0 0 0 0 0 0 0 0 0/0 2:32 0:00 0:00
3 Stars
1 - Patrick Maroon (BIN)
2 - Tomas Jurco (BIN)
3 - Jan Mursak (BIN)
Power Play
Senators - 2 on 6 Attempt(s) - 33.33%
Sewer Rats - 1 on 5 Attempt(s) - 20.00%
Penalty Kill
Senators - 4 on 5 Attempt(s) - 80.00%
- Score 0 goal in Penalty Kill
Sewer Rats - 4 on 6 Attempt(s) - 66.67%
- Score 0 goal in Penalty Kill
Team Stat
Senators - Hits : 21 - Faceoff Wins : 32 - Blocked Shots : 12 - Penalty Minutes : 10
Sewer Rats - Hits : 14 - Faceoff Wins : 38 - Blocked Shots : 11 - Penalty Minutes : 12
Official
Referees : Unknown
Linesman : Unknown
Game Notes
Darcy Kuemper enters game at 18:29 of 2nd period
Finance
Level 1 -- Attendance: 1632 (81.60%) -- Ticket Income $57,120
Level 2 -- Attendance: 1000 (100.00%) -- Ticket Income $17,000
Total Attendance: 2632 (87.73%)
Total Ticket Income: $74,120
Other Income: $3,706
Total Income: $77,826
Senators
5 vs 5 Forward
Center Left Wing Right Wing Time % Phy DF OF
1 Zemgus Girgensons Nick Foligno Matt Frattin 40 1 2 2
2 Chandler Stephenson Jan Mursak Tomas Jurco 30 1 2 2
3 Jake Evans Andy Andreoff Grant Besse 20 1 2 2
4 Blake Coleman Patrick Maroon Brett Bulmer 10 1 2 2
5 vs 5 Defense
Defense Defense Time % Phy DF OF
1 Keegan Lowe Dylan Blujus 40 1 2 2
2 Scott Harrington Jack Dougherty 30 1 2 2
3 Mason Geertsen Adam Ollas-Mattsson 20 1 2 2
4 Keegan Lowe Dylan Blujus 10 1 2 2
PowerPlay Forward
Center Left Wing Right Wing Time % Phy DF OF
1 Zemgus Girgensons Nick Foligno Matt Frattin 60 1 2 2
2 Chandler Stephenson Jan Mursak Tomas Jurco 40 1 2 2
PowerPlay Defense
Defense Defense Time % Phy DF OF
1 Keegan Lowe Dylan Blujus 60 1 2 2
2 Scott Harrington Jack Dougherty 40 1 2 2
Penalty Kill 4 Players Forward
Center Wing Time % Phy DF OF
1 Nick Foligno Jan Mursak 60 1 2 2
2 Matt Frattin Andy Andreoff 40 1 2 2
Penalty Kill 4 Players Defense
Defense Defense Time % Phy DF OF
1 Keegan Lowe Dylan Blujus 60 1 2 2
2 Scott Harrington Jack Dougherty 40 1 2 2
Penalty Kill - 3 Players Forward
Forward Time % Phy DF OF
1 Nick Foligno 60 1 2 2
2 Jan Mursak 40 1 2 2
Penalty Kill - 3 Players Defense
Defense Defense Time % Phy DF OF
1 Keegan Lowe Dylan Blujus 60 1 2 2
2 Scott Harrington Jack Dougherty 40 1 2 2
4 vs 4 Forward
Center Wing Time % Phy DF OF
1 Nick Foligno Jan Mursak 60 1 2 2
2 Matt Frattin Andy Andreoff 40 1 2 2
4 vs 4 Defense
Defense Defense Time % Phy DF OF
1 Keegan Lowe Dylan Blujus 60 1 2 2
2 Scott Harrington Jack Dougherty 40 1 2 2
Last Minutes Offensive
Center Left Wing Right Wing Defense Defense
Zemgus Girgensons Nick Foligno Matt Frattin Keegan Lowe Dylan Blujus
Last Minutes Defensive
Center Left Wing Right Wing Defense Defense
Zemgus Girgensons Nick Foligno Matt Frattin Keegan Lowe Dylan Blujus
Goaltenders
Starting : Justin Peters
Backup : Keven Bouchard
Extra Forwards
Normal : Warren Foegele, Maxim Letunov, Patrick Maroon - PP : Warren Foegele, Maxim Letunov - PK : Patrick Maroon
Extra Defensemen
Normal : Mason Geertsen, Adam Ollas-Mattsson, Scott Harrington - PP : Mason Geertsen - PK : Adam Ollas-Mattsson, Scott Harrington
Penalty Shots
Nick Foligno, Jan Mursak, Matt Frattin, Andy Andreoff, Tomas Jurco
Scratches
Michal Repik (Torn Right ACL Injury), Pontus Sjalin (Healthy), Stephon Williams (Healthy)
Sewer Rats
5 vs 5 Forward
Center Left Wing Right Wing Time % Phy DF OF
1 Vincent Trocheck Tomas Tatar Luke Witkowski 40 1 2 2
2 Jonathan Marchessault Daniel Carr Erik Condra 30 1 2 2
3 Nick Cousins Joseph Blandisi Dmitrij Jaskin 20 1 2 2
4 Tyler Motte Anthony Duclair Josh Archibald 10 1 2 2
5 vs 5 Defense
Defense Defense Time % Phy DF OF
1 Jarred Tinordi Stefan Elliott 40 1 2 2
2 Steven Kampfer Joel Edmundson 30 1 2 2
3 Ryan Murphy John Ramage 20 1 2 2
4 Connor Carrick Xavier Ouellet 10 1 2 2
PowerPlay Forward
Center Left Wing Right Wing Time % Phy DF OF
1 Vincent Trocheck Tomas Tatar Luke Witkowski 60 1 2 2
2 Jonathan Marchessault Daniel Carr Erik Condra 40 1 2 2
PowerPlay Defense
Defense Defense Time % Phy DF OF
1 Jarred Tinordi Stefan Elliott 60 1 2 2
2 Steven Kampfer Joel Edmundson 40 1 2 2
Penalty Kill 4 Players Forward
Center Wing Time % Phy DF OF
1 Luke Witkowski Tomas Tatar 60 1 2 2
2 Vincent Trocheck Erik Condra 40 1 2 2
Penalty Kill 4 Players Defense
Defense Defense Time % Phy DF OF
1 Jarred Tinordi Stefan Elliott 60 1 2 2
2 Steven Kampfer Joel Edmundson 40 1 2 2
Penalty Kill - 3 Players Forward
Forward Time % Phy DF OF
1 Luke Witkowski 60 1 2 2
2 Tomas Tatar 40 1 2 2
Penalty Kill - 3 Players Defense
Defense Defense Time % Phy DF OF
1 Jarred Tinordi Stefan Elliott 60 1 2 2
2 Steven Kampfer Joel Edmundson 40 1 2 2
4 vs 4 Forward
Center Wing Time % Phy DF OF
1 Luke Witkowski Tomas Tatar 60 1 2 2
2 Vincent Trocheck Erik Condra 40 1 2 2
4 vs 4 Defense
Defense Defense Time % Phy DF OF
1 Jarred Tinordi Stefan Elliott 60 1 2 2
2 Steven Kampfer Joel Edmundson 40 1 2 2
Last Minutes Offensive
Center Left Wing Right Wing Defense Defense
Vincent Trocheck Tomas Tatar Luke Witkowski Jarred Tinordi Stefan Elliott
Last Minutes Defensive
Center Left Wing Right Wing Defense Defense
Vincent Trocheck Tomas Tatar Luke Witkowski Jarred Tinordi Stefan Elliott
Goaltenders
Starting : Marek Mazanek
Backup : Darcy Kuemper
Extra Forwards
Normal : Dmitrij Jaskin, Nick Cousins, Joseph Blandisi - PP : Dmitrij Jaskin, Nick Cousins - PK : Joseph Blandisi
Extra Defensemen
Normal : Jonathan Racine, Ryan Murphy, John Ramage - PP : Jonathan Racine - PK : Ryan Murphy, John Ramage
Penalty Shots
Luke Witkowski, Tomas Tatar, Vincent Trocheck, Erik Condra, Daniel Carr
Scratches
Dominik Kubalik (Healthy), Chris Calhan (Healthy), Jared McCann (Abdominal Strain Injury), Mark Friedman (Healthy), Michael Dal Colle (Healthy)
Matteson Iacopelli (Healthy), Sergei Kostenko (Healthy), Antoine Bibeau (Healthy)
% Time on Ice - Senators
Lines # - Real PCT - Wanted PCT - Time Play
Normal Forward
1 - 37% - 40% - 15:48
2 - 27% - 30% - 11:29
3 - 21% - 20% - 9:05
4 - 15% - 10% - 6:15
Normal Defense
1 - 42% - 40% - 18:02
2 - 29% - 30% - 12:31
3 - 24% - 20% - 10:11
4 - 4% - 10% - 1:53
PP Forward
1 - 59% - 60% - 5:12
2 - 41% - 40% - 3:40
PP Defense
1 - 68% - 60% - 6:02
2 - 32% - 40% - 2:50
PK Forward
1 - 72% - 60% - 6:06
2 - 28% - 40% - 2:25
PK Defense
1 - 65% - 60% - 5:33
2 - 35% - 40% - 2:58
PK3 Forward
1 - 0% - 60%
2 - 0% - 40%
PK3 Defense
1 - 0% - 60%
2 - 0% - 40%
44 Forward
1 - 0% - 60%
2 - 0% - 40%
44 Defense
1 - 0% - 60%
2 - 0% - 40%
Last Minute Offensive - 0:00
Last Minute Defensive - 0:00
Total
Forward - 60:00
Defense - 60:00
|
% Time on Ice - Sewer Rats
Lines # - Real PCT - Wanted PCT - Time Play
Normal Forward
1 - 38% - 40% - 16:12
2 - 26% - 30% - 11:06
3 - 20% - 20% - 8:30
4 - 16% - 10% - 6:49
Normal Defense
1 - 42% - 40% - 17:48
2 - 32% - 30% - 13:47
3 - 20% - 20% - 8:30
4 - 6% - 10% - 2:32
PP Forward
1 - 58% - 60% - 4:55
2 - 42% - 40% - 3:36
PP Defense
1 - 64% - 60% - 5:25
2 - 36% - 40% - 3:06
PK Forward
1 - 82% - 60% - 7:18
2 - 18% - 40% - 1:34
PK Defense
1 - 60% - 60% - 5:19
2 - 40% - 40% - 3:33
PK3 Forward
1 - 0% - 60%
2 - 0% - 40%
PK3 Defense
1 - 0% - 60%
2 - 0% - 40%
44 Forward
1 - 0% - 60%
2 - 0% - 40%
44 Defense
1 - 0% - 60%
2 - 0% - 40%
Last Minute Offensive - 0:00
Last Minute Defensive - 0:00
Total
Forward - 60:00
Defense - 60:00
|
Play-by-Play
1st period
0:01 of 1st period - Zemgus Girgensons wins face-off versus Vincent Trocheck in neutral zone.
0:04 of 1st period - Wrist shot by Nick Foligno.
0:04 of 1st period - Stopped by Marek Mazanek without a rebound.
0:05 of 1st period - Vincent Trocheck wins face-off versus Zemgus Girgensons in Sewer Rats zone.
0:52 of 1st period - Snap shot by Jonathan Marchessault.
0:52 of 1st period - Deflect By Dmitrij Jaskin.
0:52 of 1st period - Shot Misses the Net.
0:52 of 1st period - Puck is out of play.
0:53 of 1st period - Nick Cousins wins face-off versus Jake Evans in Senators zone.
1:06 of 1st period - Wrist shot by Dmitrij Jaskin.
1:06 of 1st period - Shot Misses the Net.
1:08 of 1st period - Snap shot by Dmitrij Jaskin.
1:08 of 1st period - Shot Misses the Net.
1:22 of 1st period - Snap shot by Brett Bulmer.
1:22 of 1st period - Shot Hit the Post.
1:24 of 1st period - Slapshot by Scott Harrington.
1:24 of 1st period - Shot Blocked by Joel Edmundson.
1:26 of 1st period - Slapshot by Jack Dougherty.
1:26 of 1st period - Stopped by Marek Mazanek with a rebound.
1:51 of 1st period - Snap shot by Luke Witkowski.
1:51 of 1st period - Shot Misses the Net.
2:36 of 1st period - Snap shot by Tomas Jurco.
2:36 of 1st period - Shot Misses the Net.
2:38 of 1st period - Wrist shot by Dylan Blujus.
2:38 of 1st period - Stopped by Marek Mazanek without a rebound.
2:39 of 1st period - Vincent Trocheck wins face-off versus Jake Evans in Sewer Rats zone.
2:39 of 1st period - Vincent Trocheck is hit by Jake Evans.
4:37 of 1st period - Minor Penalty to Jake Evans for Interference.
4:38 of 1st period - Nick Foligno wins face-off versus Vincent Trocheck in Senators zone.
5:05 of 1st period - Stefan Elliott is hit by Matt Frattin and loses puck.
6:37 of 1st period - Penalty to Jake Evans is over, Jake Evans is back on ice.
7:23 of 1st period - Snap shot by Andy Andreoff.
7:23 of 1st period - Stopped by Marek Mazanek with a rebound.
7:25 of 1st period - Backhand shot by Matt Frattin.
7:25 of 1st period - Stopped by Marek Mazanek with a rebound.
7:27 of 1st period - Snap shot by Andy Andreoff.
7:27 of 1st period - Deflect By Jake Evans.
7:27 of 1st period - Shot Misses the Net.
7:27 of 1st period - Puck is out of play.
7:28 of 1st period - Chandler Stephenson wins face-off versus Tyler Motte in Sewer Rats zone.
7:35 of 1st period - Snap shot by Jan Mursak.
7:35 of 1st period - Shot Blocked by Steven Kampfer.
7:37 of 1st period - Slapshot by Dylan Blujus.
7:37 of 1st period - Stopped by Marek Mazanek with a rebound.
7:39 of 1st period - Snap shot by Chandler Stephenson.
7:39 of 1st period - Shot Misses the Net.
7:53 of 1st period - Dylan Blujus is hit by Vincent Trocheck and loses puck.
8:31 of 1st period - Nick Cousins is hit by Jan Mursak and loses puck.
9:15 of 1st period - Snap shot by Erik Condra.
9:15 of 1st period - Deflect By Jonathan Marchessault.
9:15 of 1st period - Shot Blocked by Chandler Stephenson.
9:15 of 1st period - Puck is out of play.
9:16 of 1st period - Chandler Stephenson wins face-off versus Jonathan Marchessault in Senators zone.
9:18 of 1st period - Icing by Jan Mursak.
9:19 of 1st period - Chandler Stephenson wins face-off versus Vincent Trocheck in Senators zone.
9:26 of 1st period - Snap shot by Jan Mursak.
9:26 of 1st period - Stopped by Marek Mazanek without a rebound.
9:27 of 1st period - Vincent Trocheck wins face-off versus Zemgus Girgensons in Sewer Rats zone.
9:34 of 1st period - Slapshot by Nick Foligno.
9:34 of 1st period - Stopped by Marek Mazanek with a rebound.
9:36 of 1st period - Slapshot by Keegan Lowe.
9:36 of 1st period - Stopped by Marek Mazanek without a rebound.
9:37 of 1st period - Vincent Trocheck wins face-off versus Zemgus Girgensons in Sewer Rats zone.
10:08 of 1st period - Snap shot by Nick Foligno.
10:08 of 1st period - Stopped by Marek Mazanek without a rebound.
10:09 of 1st period - Jonathan Marchessault wins face-off versus Jake Evans in Sewer Rats zone.
10:09 of 1st period - Jonathan Marchessault is hit by Andy Andreoff.
10:43 of 1st period - Wrist shot by Jan Mursak.
10:43 of 1st period - Stopped by Marek Mazanek without a rebound.
10:43 of 1st period - Minor Penalty to Marek Mazanek for Delaying the game.
10:44 of 1st period - Zemgus Girgensons wins face-off versus Luke Witkowski in Sewer Rats zone.
10:47 of 1st period - Wrist shot by Nick Foligno.
10:47 of 1st period - Shot Misses the Net.
10:49 of 1st period - Slapshot by Keegan Lowe.
10:49 of 1st period - Shot Misses the Net.
10:51 of 1st period - Snap shot by Matt Frattin.
10:51 of 1st period - Shot Misses the Net.
10:53 of 1st period - Snap shot by Matt Frattin.
10:53 of 1st period - Stopped by Marek Mazanek without a rebound.
10:54 of 1st period - Zemgus Girgensons wins face-off versus Luke Witkowski in Sewer Rats zone.
11:01 of 1st period - Snap shot by Nick Foligno.
11:01 of 1st period - Goal by Nick Foligno - Senators : 1 - Sewer Rats : 0.
11:02 of 1st period - Luke Witkowski wins face-off versus Zemgus Girgensons in neutral zone.
11:09 of 1st period - Wrist shot by Tomas Tatar.
11:09 of 1st period - Shot Misses the Net.
11:11 of 1st period - Slapshot by Stefan Elliott.
11:11 of 1st period - Goal by Stefan Elliott - Senators : 1 - Sewer Rats : 1.
11:12 of 1st period - Vincent Trocheck wins face-off versus Zemgus Girgensons in neutral zone.
11:15 of 1st period - Slapshot by Tomas Tatar.
11:15 of 1st period - Shot Misses the Net.
11:17 of 1st period - Backhand shot by Vincent Trocheck.
11:17 of 1st period - Goal by Vincent Trocheck - Senators : 1 - Sewer Rats : 2.
11:18 of 1st period - Vincent Trocheck wins face-off versus Zemgus Girgensons in neutral zone.
11:29 of 1st period - Snap shot by Luke Witkowski.
11:29 of 1st period - Shot Misses the Net.
11:48 of 1st period - Backhand shot by Tomas Jurco.
11:48 of 1st period - Deflect By Jan Mursak.
11:48 of 1st period - Stopped by Marek Mazanek without a rebound.
11:49 of 1st period - Chandler Stephenson wins face-off versus Nick Cousins in Sewer Rats zone.
12:59 of 1st period - Slapshot by Anthony Duclair.
12:59 of 1st period - Shot Misses the Net.
13:01 of 1st period - Slapshot by Steven Kampfer.
13:01 of 1st period - Deflect By Patrick Maroon.
13:01 of 1st period - Stopped by Justin Peters without a rebound.
13:02 of 1st period - Zemgus Girgensons wins face-off versus Jonathan Marchessault in Senators zone.
13:27 of 1st period - Scott Harrington is hit by Luke Witkowski and loses puck.
14:15 of 1st period - Patrick Maroon is hit by Tyler Motte.
14:47 of 1st period - Luke Witkowski is hit by Tomas Jurco and loses puck.
15:33 of 1st period - Snap shot by Anthony Duclair.
15:33 of 1st period - Shot Misses the Net.
15:39 of 1st period - Anthony Duclair is hit by Adam Ollas-Mattsson and loses puck.
16:13 of 1st period - Off-side.
16:14 of 1st period - Vincent Trocheck wins face-off versus Chandler Stephenson in neutral zone.
16:19 of 1st period - Wrist shot by Tomas Tatar.
16:19 of 1st period - Stopped by Justin Peters without a rebound.
16:20 of 1st period - Zemgus Girgensons wins face-off versus Vincent Trocheck in Senators zone.
16:28 of 1st period - Icing by Nick Foligno.
16:29 of 1st period - Tomas Tatar wins face-off versus Zemgus Girgensons in Senators zone.
16:30 of 1st period - Snap shot by Luke Witkowski.
16:30 of 1st period - Shot Misses the Net.
16:36 of 1st period - Snap shot by Tomas Tatar.
16:36 of 1st period - Shot Misses the Net.
16:38 of 1st period - Wrist shot by Tomas Tatar.
16:38 of 1st period - Stopped by Justin Peters with a rebound.
16:40 of 1st period - Slapshot by Stefan Elliott.
16:40 of 1st period - Stopped by Justin Peters without a rebound.
16:41 of 1st period - Zemgus Girgensons wins face-off versus Vincent Trocheck in Senators zone.
16:41 of 1st period - Zemgus Girgensons is hit by Luke Witkowski.
16:48 of 1st period - Minor Penalty to Luke Witkowski for Hooking.
16:49 of 1st period - Nick Foligno wins face-off versus Joseph Blandisi in Sewer Rats zone.
17:05 of 1st period - Snap shot by Nick Foligno.
17:05 of 1st period - Stopped by Marek Mazanek with a rebound.
18:48 of 1st period - Penalty to Luke Witkowski is over, Luke Witkowski is back on ice.
19:14 of 1st period - Jonathan Marchessault is hit by Patrick Maroon and loses puck.
19:43 of 1st period - Patrick Maroon is hit by Nick Cousins and loses puck.
Goals for this period are 1 for Senators vs 2 for Sewer Rats.
Shots for this period are 15 for Senators vs 6 for Sewer Rats.
2nd period
0:01 of 2nd period - Vincent Trocheck wins face-off versus Zemgus Girgensons in neutral zone.
0:18 of 2nd period - Luke Witkowski is hit by Keegan Lowe and loses puck.
0:59 of 2nd period - Wrist shot by Joseph Blandisi.
0:59 of 2nd period - Stopped by Justin Peters without a rebound.
1:00 of 2nd period - Zemgus Girgensons wins face-off versus Vincent Trocheck in Senators zone.
1:10 of 2nd period - Minor Penalty to Jack Dougherty for Interference.
1:11 of 2nd period - Vincent Trocheck wins face-off versus Nick Foligno in Senators zone.
1:37 of 2nd period - Keegan Lowe is hit by Daniel Carr and loses puck.
3:10 of 2nd period - Penalty to Jack Dougherty is over, Jack Dougherty is back on ice.
3:36 of 2nd period - Icing by John Ramage.
3:37 of 2nd period - Nick Cousins wins face-off versus Jake Evans in Sewer Rats zone.
3:50 of 2nd period - Icing by Tyler Motte.
3:51 of 2nd period - Tyler Motte wins face-off versus Zemgus Girgensons in Sewer Rats zone.
3:51 of 2nd period - Tyler Motte is hit by Zemgus Girgensons.
4:30 of 2nd period - Off-side.
4:31 of 2nd period - Tomas Tatar wins face-off versus Zemgus Girgensons in neutral zone.
4:44 of 2nd period - Matt Frattin is hit by Jarred Tinordi and loses puck.
5:04 of 2nd period - Jarred Tinordi is hit by Jan Mursak and loses puck.
5:19 of 2nd period - Steven Kampfer is hit by Blake Coleman and loses puck.
5:28 of 2nd period - Slapshot by Patrick Maroon.
5:28 of 2nd period - Shot Misses the Net.
5:30 of 2nd period - Snap shot by Patrick Maroon.
5:30 of 2nd period - Goal by Patrick Maroon - Senators : 2 - Sewer Rats : 2.
5:31 of 2nd period - Vincent Trocheck wins face-off versus Zemgus Girgensons in neutral zone.
5:44 of 2nd period - Zemgus Girgensons is hit by Stefan Elliott and loses puck.
5:50 of 2nd period - Icing by Dylan Blujus.
5:51 of 2nd period - Jonathan Marchessault wins face-off versus Zemgus Girgensons in Senators zone.
5:52 of 2nd period - Snap shot by Daniel Carr.
5:52 of 2nd period - Stopped by Justin Peters without a rebound.
5:53 of 2nd period - Zemgus Girgensons wins face-off versus Jonathan Marchessault in Senators zone.
5:58 of 2nd period - Snap shot by Jonathan Marchessault.
5:58 of 2nd period - Stopped by Justin Peters with a rebound.
6:00 of 2nd period - Snap shot by Daniel Carr.
6:00 of 2nd period - Stopped by Justin Peters with a rebound.
6:04 of 2nd period - Slapshot by Jonathan Marchessault.
6:04 of 2nd period - Stopped by Justin Peters with a rebound.
6:06 of 2nd period - Snap shot by Daniel Carr.
6:06 of 2nd period - Stopped by Justin Peters with a rebound.
6:08 of 2nd period - Backhand shot by Erik Condra.
6:08 of 2nd period - Shot Misses the Net.
6:20 of 2nd period - Vincent Trocheck is hit by Keegan Lowe and loses puck.
6:47 of 2nd period - Off-side.
6:48 of 2nd period - Jake Evans wins face-off versus Nick Cousins in neutral zone.
6:53 of 2nd period - Snap shot by Andy Andreoff.
6:53 of 2nd period - Shot Misses the Net.
7:38 of 2nd period - Wrist shot by Tomas Jurco.
7:38 of 2nd period - Shot Misses the Net.
7:40 of 2nd period - Slapshot by Tomas Jurco.
7:40 of 2nd period - Stopped by Marek Mazanek with a rebound.
7:42 of 2nd period - Snap shot by Jan Mursak.
7:42 of 2nd period - Stopped by Marek Mazanek without a rebound.
7:43 of 2nd period - Nick Cousins wins face-off versus Zemgus Girgensons in Sewer Rats zone.
7:50 of 2nd period - Snap shot by Nick Cousins.
7:50 of 2nd period - Shot Misses the Net.
7:52 of 2nd period - Snap shot by Dmitrij Jaskin.
7:52 of 2nd period - Shot Misses the Net.
8:23 of 2nd period - Minor Penalty to Tomas Tatar for Tripping.
8:24 of 2nd period - Zemgus Girgensons wins face-off versus Luke Witkowski in Sewer Rats zone.
8:25 of 2nd period - Slapshot by Nick Foligno.
8:25 of 2nd period - Stopped by Marek Mazanek with a rebound.
8:27 of 2nd period - Slapshot by Keegan Lowe.
8:27 of 2nd period - Shot Misses the Net.
8:29 of 2nd period - Backhand shot by Keegan Lowe.
8:29 of 2nd period - Stopped by Marek Mazanek with a rebound.
8:31 of 2nd period - Slapshot by Dylan Blujus.
8:31 of 2nd period - Deflect By Stefan Elliott.
8:31 of 2nd period - Stopped by Marek Mazanek with a rebound.
8:33 of 2nd period - Snap shot by Matt Frattin.
8:33 of 2nd period - Stopped by Marek Mazanek without a rebound.
8:34 of 2nd period - Luke Witkowski wins face-off versus Zemgus Girgensons in Sewer Rats zone.
8:50 of 2nd period - Wrist shot by Nick Foligno.
8:50 of 2nd period - Shot Misses the Net.
8:59 of 2nd period - Backhand shot by Nick Foligno.
8:59 of 2nd period - Shot Blocked by Jarred Tinordi.
9:01 of 2nd period - Snap shot by Nick Foligno.
9:01 of 2nd period - Goal by Nick Foligno - Senators : 3 - Sewer Rats : 2.
9:02 of 2nd period - Vincent Trocheck wins face-off versus Zemgus Girgensons in neutral zone.
9:37 of 2nd period - Slapshot by Tomas Jurco.
9:37 of 2nd period - Shot Misses the Net.
9:53 of 2nd period - Dmitrij Jaskin is hit by Jack Dougherty and loses puck.
10:18 of 2nd period - Snap shot by Anthony Duclair.
10:18 of 2nd period - Goal by Anthony Duclair - Senators : 3 - Sewer Rats : 3.
10:19 of 2nd period - Matt Frattin wins face-off versus Vincent Trocheck in neutral zone.
10:21 of 2nd period - Minor Penalty to Keegan Lowe for Hooking.
10:22 of 2nd period - Nick Foligno wins face-off versus Tomas Tatar in Senators zone.
10:22 of 2nd period - Nick Foligno is hit by Luke Witkowski.
10:31 of 2nd period - Snap shot by Jarred Tinordi.
10:31 of 2nd period - Stopped by Justin Peters without a rebound.
10:32 of 2nd period - Nick Foligno wins face-off versus Vincent Trocheck in Senators zone.
10:32 of 2nd period - Nick Foligno is hit by Jarred Tinordi.
10:42 of 2nd period - Slapshot by Jarred Tinordi.
10:42 of 2nd period - Stopped by Justin Peters without a rebound.
10:43 of 2nd period - Vincent Trocheck wins face-off versus Nick Foligno in Senators zone.
10:52 of 2nd period - Slapshot by Vincent Trocheck.
10:52 of 2nd period - Shot Misses the Net.
10:54 of 2nd period - Wrist shot by Tomas Tatar.
10:54 of 2nd period - Shot Misses the Net.
10:56 of 2nd period - Slapshot by Jarred Tinordi.
10:56 of 2nd period - Deflect By Dylan Blujus.
10:56 of 2nd period - Goal by Jarred Tinordi - Senators : 3 - Sewer Rats : 4.
10:57 of 2nd period - Vincent Trocheck wins face-off versus Zemgus Girgensons in neutral zone.
11:05 of 2nd period - Minor Penalty to Keegan Lowe for Hooking.
11:06 of 2nd period - Nick Foligno wins face-off versus Vincent Trocheck in Senators zone.
11:18 of 2nd period - Slapshot by Tomas Tatar.
11:18 of 2nd period - Shot Misses the Net.
11:20 of 2nd period - Wrist shot by Tomas Tatar.
11:20 of 2nd period - Stopped by Justin Peters with a rebound.
11:22 of 2nd period - Snap shot by Tomas Tatar.
11:22 of 2nd period - Shot Blocked by Dylan Blujus.
13:05 of 2nd period - Penalty to Keegan Lowe is over, Keegan Lowe is back on ice.
13:15 of 2nd period - Slapshot by Dylan Blujus.
13:15 of 2nd period - Deflect By Keegan Lowe.
13:15 of 2nd period - Shot Blocked by John Ramage.
13:15 of 2nd period - Puck is out of play.
13:16 of 2nd period - Zemgus Girgensons wins face-off versus Anthony Duclair in Sewer Rats zone.
13:17 of 2nd period - Snap shot by Nick Foligno.
13:17 of 2nd period - Shot Misses the Net.
13:19 of 2nd period - Slapshot by Jack Dougherty.
13:19 of 2nd period - Shot Blocked by Josh Archibald.
13:21 of 2nd period - Snap shot by Nick Foligno.
13:21 of 2nd period - Shot Misses the Net.
13:23 of 2nd period - Slapshot by Jack Dougherty.
13:23 of 2nd period - Goal by Jack Dougherty - Senators : 4 - Sewer Rats : 4.
13:24 of 2nd period - Zemgus Girgensons wins face-off versus Vincent Trocheck in neutral zone.
14:01 of 2nd period - Snap shot by Jan Mursak.
14:01 of 2nd period - Stopped by Marek Mazanek without a rebound.
14:02 of 2nd period - Jonathan Marchessault wins face-off versus Chandler Stephenson in Sewer Rats zone.
14:27 of 2nd period - Wrist shot by Andy Andreoff.
14:27 of 2nd period - Shot Misses the Net.
14:29 of 2nd period - Backhand shot by Grant Besse.
14:29 of 2nd period - Shot Blocked by Jonathan Marchessault.
14:31 of 2nd period - Wrist shot by Grant Besse.
14:31 of 2nd period - Shot Misses the Net.
14:33 of 2nd period - Slapshot by Jack Dougherty.
14:33 of 2nd period - Deflect By Andy Andreoff.
14:33 of 2nd period - Shot Blocked by Erik Condra.
14:33 of 2nd period - Puck is out of play.
14:34 of 2nd period - Tomas Tatar wins face-off versus Jake Evans in Sewer Rats zone.
15:01 of 2nd period - Slapshot by Andy Andreoff.
15:01 of 2nd period - Deflect By Grant Besse.
15:01 of 2nd period - Stopped by Marek Mazanek without a rebound.
15:02 of 2nd period - Jonathan Marchessault wins face-off versus Zemgus Girgensons in Sewer Rats zone.
15:07 of 2nd period - Keegan Lowe is hit by Jonathan Marchessault and loses puck.
15:28 of 2nd period - Steven Kampfer is hit by Tomas Jurco and loses puck.
15:51 of 2nd period - Snap shot by Vincent Trocheck.
15:51 of 2nd period - Shot Misses the Net.
15:53 of 2nd period - Slapshot by Jarred Tinordi.
15:53 of 2nd period - Shot Misses the Net.
15:55 of 2nd period - Wrist shot by Vincent Trocheck.
15:55 of 2nd period - Stopped by Justin Peters with a rebound.
17:01 of 2nd period - Slapshot by Jarred Tinordi.
17:01 of 2nd period - Shot Blocked by Chandler Stephenson.
17:22 of 2nd period - Snap shot by Grant Besse.
17:22 of 2nd period - Goal by Grant Besse - Senators : 5 - Sewer Rats : 4.
17:23 of 2nd period - Vincent Trocheck wins face-off versus Zemgus Girgensons in neutral zone.
17:38 of 2nd period - Wrist shot by Luke Witkowski.
17:38 of 2nd period - Shot Misses the Net.
17:40 of 2nd period - Snap shot by Vincent Trocheck.
17:40 of 2nd period - Deflect By Luke Witkowski.
17:40 of 2nd period - Shot Misses the Net.
17:40 of 2nd period - Puck is out of play.
17:41 of 2nd period - Daniel Carr wins face-off versus Chandler Stephenson in Senators zone.
17:46 of 2nd period - Snap shot by Erik Condra.
17:46 of 2nd period - Shot Misses the Net.
17:48 of 2nd period - Slapshot by Joel Edmundson.
17:48 of 2nd period - Shot Blocked by Dylan Blujus.
17:50 of 2nd period - Wrist shot by Jonathan Marchessault.
17:50 of 2nd period - Shot Blocked by Keegan Lowe.
17:52 of 2nd period - Snap shot by Erik Condra.
17:52 of 2nd period - Shot Blocked by Tomas Jurco.
17:54 of 2nd period - Slapshot by Joel Edmundson.
17:54 of 2nd period - Deflect By Erik Condra.
17:54 of 2nd period - Stopped by Justin Peters without a rebound.
17:55 of 2nd period - Vincent Trocheck wins face-off versus Zemgus Girgensons in Senators zone.
17:56 of 2nd period - Snap shot by Luke Witkowski.
17:56 of 2nd period - Stopped by Justin Peters with a rebound.
18:00 of 2nd period - Slapshot by Luke Witkowski.
18:00 of 2nd period - Stopped by Justin Peters with a rebound.
18:10 of 2nd period - Jarred Tinordi is hit by Matt Frattin and loses puck.
18:27 of 2nd period - Snap shot by Tomas Jurco.
18:27 of 2nd period - Shot Misses the Net.
18:29 of 2nd period - Wrist shot by Chandler Stephenson.
18:29 of 2nd period - Deflect By Jan Mursak.
18:29 of 2nd period - Goal by Jan Mursak - Senators : 6 - Sewer Rats : 4.
18:29 of 2nd period - Darcy Kuemper enters game.
18:30 of 2nd period - Vincent Trocheck wins face-off versus Zemgus Girgensons in neutral zone.
18:39 of 2nd period - Snap shot by Luke Witkowski.
18:39 of 2nd period - Stopped by Justin Peters without a rebound.
18:40 of 2nd period - Zemgus Girgensons wins face-off versus Vincent Trocheck in Senators zone.
18:43 of 2nd period - Snap shot by Luke Witkowski.
18:43 of 2nd period - Shot Blocked by Keegan Lowe.
18:50 of 2nd period - Slapshot by Joel Edmundson.
18:50 of 2nd period - Shot Misses the Net.
18:52 of 2nd period - Snap shot by Joel Edmundson.
18:52 of 2nd period - Stopped by Justin Peters with a rebound.
19:12 of 2nd period - Wrist shot by Luke Witkowski.
19:12 of 2nd period - Shot Blocked by Zemgus Girgensons.
19:56 of 2nd period - Slapshot by Luke Witkowski.
19:56 of 2nd period - Stopped by Justin Peters with a rebound.
19:58 of 2nd period - Slapshot by Joel Edmundson.
19:58 of 2nd period - Stopped by Justin Peters with a rebound.
Goals for this period are 5 for Senators vs 2 for Sewer Rats.
Shots for this period are 13 for Senators vs 19 for Sewer Rats.
3rd period
0:01 of 3rd period - Jonathan Marchessault wins face-off versus Chandler Stephenson in neutral zone.
0:04 of 3rd period - Wrist shot by Stefan Elliott.
0:04 of 3rd period - Stopped by Justin Peters with a rebound.
0:16 of 3rd period - Slapshot by Stefan Elliott.
0:16 of 3rd period - Shot Blocked by Dylan Blujus.
0:38 of 3rd period - Snap shot by Jan Mursak.
0:38 of 3rd period - Deflect By Tomas Jurco.
0:38 of 3rd period - Goal by Tomas Jurco - Senators : 7 - Sewer Rats : 4.
0:39 of 3rd period - Zemgus Girgensons wins face-off versus Jonathan Marchessault in neutral zone.
0:45 of 3rd period - Minor Penalty to Stefan Elliott for High sticking.
0:46 of 3rd period - Luke Witkowski wins face-off versus Zemgus Girgensons in Sewer Rats zone.
1:22 of 3rd period - Wrist shot by Vincent Trocheck.
1:22 of 3rd period - Stopped by Justin Peters without a rebound.
1:23 of 3rd period - Vincent Trocheck wins face-off versus Chandler Stephenson in Senators zone.
1:28 of 3rd period - Wrist shot by Vincent Trocheck.
1:28 of 3rd period - Shot Blocked by Tomas Jurco.
1:45 of 3rd period - Erik Condra is hit by Jan Mursak and loses puck.
2:45 of 3rd period - Penalty to Stefan Elliott is over, Stefan Elliott is back on ice.
2:59 of 3rd period - Wrist shot by Anthony Duclair.
2:59 of 3rd period - Goal by Anthony Duclair - Senators : 7 - Sewer Rats : 5.
3:00 of 3rd period - Zemgus Girgensons wins face-off versus Jonathan Marchessault in neutral zone.
3:02 of 3rd period - Off-side.
3:03 of 3rd period - Jonathan Marchessault wins face-off versus Zemgus Girgensons in neutral zone.
4:02 of 3rd period - Snap shot by Patrick Maroon.
4:02 of 3rd period - Goal by Patrick Maroon - Senators : 8 - Sewer Rats : 5.
4:03 of 3rd period - Zemgus Girgensons wins face-off versus Tomas Tatar in neutral zone.
5:56 of 3rd period - Slapshot by Jonathan Marchessault.
5:56 of 3rd period - Stopped by Justin Peters without a rebound.
5:57 of 3rd period - Jan Mursak wins face-off versus Jonathan Marchessault in Senators zone.
6:22 of 3rd period - Vincent Trocheck is hit by Zemgus Girgensons and loses puck.
6:53 of 3rd period - Snap shot by Dmitrij Jaskin.
6:53 of 3rd period - Stopped by Justin Peters with a rebound.
7:07 of 3rd period - Anthony Duclair is hit by Brett Bulmer and loses puck.
7:24 of 3rd period - Steven Kampfer is hit by Chandler Stephenson and loses puck.
7:46 of 3rd period - Snap shot by Tomas Tatar.
7:46 of 3rd period - Shot Misses the Net.
8:04 of 3rd period - Jack Dougherty is hit by Dmitrij Jaskin and loses puck.
9:00 of 3rd period - Off-side.
9:01 of 3rd period - Vincent Trocheck wins face-off versus Chandler Stephenson in neutral zone.
9:37 of 3rd period - Slapshot by Jonathan Marchessault.
9:37 of 3rd period - Shot Blocked by Mason Geertsen.
9:48 of 3rd period - Minor Penalty to Dylan Blujus for Hooking.
9:49 of 3rd period - Nick Foligno wins face-off versus Vincent Trocheck in Senators zone.
10:02 of 3rd period - Snap shot by Stefan Elliott.
10:02 of 3rd period - Shot Misses the Net.
10:26 of 3rd period - Slapshot by Daniel Carr.
10:26 of 3rd period - Stopped by Justin Peters with a rebound.
11:01 of 3rd period - Off-side.
11:02 of 3rd period - Vincent Trocheck wins face-off versus Matt Frattin in neutral zone.
11:17 of 3rd period - Jan Mursak is hit by Jarred Tinordi and loses puck.
11:48 of 3rd period - Penalty to Dylan Blujus is over, Dylan Blujus is back on ice.
12:32 of 3rd period - Grant Besse is hit by Tyler Motte and loses puck.
13:12 of 3rd period - Minor Penalty to Tomas Tatar for Hooking.
13:13 of 3rd period - Luke Witkowski wins face-off versus Matt Frattin in Sewer Rats zone.
13:22 of 3rd period - Wrist shot by Luke Witkowski.
13:22 of 3rd period - Stopped by Justin Peters with a rebound.
13:38 of 3rd period - Luke Witkowski is hit by Tomas Jurco and loses puck.
15:06 of 3rd period - Icing by Keegan Lowe.
15:07 of 3rd period - Zemgus Girgensons wins face-off versus Vincent Trocheck in Senators zone.
15:12 of 3rd period - Penalty to Tomas Tatar is over, Tomas Tatar is back on ice.
15:40 of 3rd period - Slapshot by Patrick Maroon.
15:40 of 3rd period - Stopped by Darcy Kuemper with a rebound.
15:44 of 3rd period - Wrist shot by Patrick Maroon.
15:44 of 3rd period - Shot Misses the Net.
15:46 of 3rd period - Slapshot by Scott Harrington.
15:46 of 3rd period - Shot Misses the Net.
15:48 of 3rd period - Wrist shot by Brett Bulmer.
15:48 of 3rd period - Stopped by Darcy Kuemper with a rebound.
15:50 of 3rd period - Snap shot by Brett Bulmer.
15:50 of 3rd period - Shot Blocked by Ryan Murphy.
15:52 of 3rd period - Wrist shot by Patrick Maroon.
15:52 of 3rd period - Shot Blocked by Joseph Blandisi.
16:06 of 3rd period - Snap shot by Luke Witkowski.
16:06 of 3rd period - Stopped by Justin Peters without a rebound.
16:07 of 3rd period - Zemgus Girgensons wins face-off versus Vincent Trocheck in Senators zone.
16:23 of 3rd period - Slapshot by Luke Witkowski.
16:23 of 3rd period - Shot Blocked by Keegan Lowe.
17:14 of 3rd period - Wrist shot by Jonathan Marchessault.
17:14 of 3rd period - Shot Misses the Net.
17:32 of 3rd period - Backhand shot by Brett Bulmer.
17:32 of 3rd period - Shot Blocked by Steven Kampfer.
17:34 of 3rd period - Slapshot by Patrick Maroon.
17:34 of 3rd period - Shot Blocked by Joel Edmundson.
17:36 of 3rd period - Slapshot by Mason Geertsen.
17:36 of 3rd period - Stopped by Darcy Kuemper without a rebound.
17:37 of 3rd period - Zemgus Girgensons wins face-off versus Jonathan Marchessault in Sewer Rats zone.
17:38 of 3rd period - Snap shot by Nick Foligno.
17:38 of 3rd period - Stopped by Darcy Kuemper without a rebound.
17:39 of 3rd period - Jonathan Marchessault wins face-off versus Zemgus Girgensons in Sewer Rats zone.
17:41 of 3rd period - Minor Penalty to Erik Condra for Holding.
17:42 of 3rd period - Zemgus Girgensons wins face-off versus Luke Witkowski in Sewer Rats zone.
17:52 of 3rd period - Wrist shot by Matt Frattin.
17:52 of 3rd period - Shot Misses the Net.
18:57 of 3rd period - Vincent Trocheck is hit by Zemgus Girgensons and loses puck.
19:41 of 3rd period - Penalty to Erik Condra is over, Erik Condra is back on ice.
Goals for this period are 2 for Senators vs 1 for Sewer Rats.
Shots for this period are 6 for Senators vs 8 for Sewer Rats.
Back to the Top